 Dungeon Crawl Stone Soup version 0.21-a0-426-g98080a9 (webtiles) character file.

1568 Qupu the Cudgeler (level 8, 0/51 HPs)
             Began as a Gargoyle Fighter on Nov 5, 2017.
             Slain by theanonym's ghost (8 damage)
             ... on level 6 of the Dungeon.
             The game lasted 00:13:15 (3943 turns).

Qupu the Cudgeler (Gargoyle Fighter)                Turns: 3943, Time: 00:13:16

Health: 0/51       AC: 17    Str: 34    XL:     8   Next: 90%
Magic:  0/8        EV:  9    Int:  8    God:
Gold:   333        SH: 12    Dex:  9    Spells: 4/7 levels left

rFire    + . .     SeeInvis .   j - +2 morningstar
rCold    . . .     Gourm    .   c - +1 shield
rNeg     + . .     Faith    .   b - +0 scale mail
rPois    ∞         Spirit   +   n - +2 helmet
rElec    +         Reflect  .   h - +0 cloak
rCorr    .         Harm     .   (no gloves)
MR       .....                  (no boots)
Stlth    ..........             f - amulet of guardian spirit
HPRegen  0.17/turn              A - ring of protection from fire (curse)
MPRegen  0.11/turn              p - +6 ring of strength

@: mighty
A: negative energy resistance 1, electricity resistance, unbreathing,
petrification resistance, rot immunity, AC +5
a: no special abilities


You were on level 6 of the Dungeon.
You were hungry.

You visited 1 branch of the dungeon, and saw 6 of its levels.

You collected 333 gold pieces.

Inventory:

Hand Weapons
 j - a +2 morningstar (weapon)
   (You took it off an orc warrior on level 6 of the Dungeon)
Armour
 b - a +0 scale mail (worn)
 c - a +1 shield (worn)
 h - a +0 cloak (worn)
   (You found it on level 1 of the Dungeon)
 n - a +2 helmet (worn)
   (You found it on level 6 of the Dungeon)
Jewellery
 f - an amulet of guardian spirit (around neck)
   (You found it on level 3 of the Dungeon)
 p - a +6 ring of strength (right hand)
   (You took it off a goblin on level 2 of the Dungeon)
 v - an uncursed ring of resist corrosion
   (You found it on level 3 of the Dungeon)
 y - an uncursed ring of positive energy {unknown}
   (You found it on level 6 of the Dungeon)
 A - a cursed ring of protection from fire (left hand)
   (You found it on level 4 of the Dungeon)
Scrolls
 e - 2 scrolls of remove curse {@r2}
 i - a scroll of recharging
 m - a scroll of enchant armour
 s - a scroll of immolation {!r}
Potions
 l - 2 potions of degeneration {unknown}
 r - a potion of ambrosia {unknown}
 t - a potion of resistance {unknown}
 u - 2 potions of agility {unknown}
 w - a potion of lignification {unknown}
 x - a potion of mutation {unknown}
 z - 2 potions of curing {unknown}
 B - a potion of berserk rage {unknown}
 C - 2 potions of haste {unknown}
 D - a potion of heal wounds {unknown}
 E - 2 potions of flight
Comestibles
 a - 3 fruits
 g - 3 meat rations
 k - 8 chunks of flesh
 o - 2 royal jellies
 q - 4 bread rations


   Skills:
 + Level 6.2 Fighting
 * Level 7.1 Maces & Flails
 + Level 6.1 Armour
 - Level 1.0 Dodging
 + Level 6.1 Shields


You had 4 spell levels left.
You knew the following spells:

 Your Spells              Type           Power        Failure   Level  Hunger
a - Beastly Appendage     Tmut           #.....       94%         1    ##.....
b - Blink                 Tloc           N/A          98%         2    ###....


Dungeon Overview and Level Annotations

Branches:
Dungeon (6/15)
 Temple: D:4-7

Altars:
Ashenzari
Trog
Xom
Zin

Shops:
D:5 *

Annotations:
D:6 theanonym's ghost, novice DDFi


Innate Abilities, Weirdness & Mutations

You are resistant to torment.
Your stone body is resilient. (AC +5)
You are immune to poison.
You resist negative energy. (rN+)
You are resistant to electric shocks. (rElec)
You can survive without breathing.
You are immune to petrification.
You are immune to rotting.


Message History

You impale the jackal!!
You kill the jackal!
You block the wight's attack.
An orc comes into view. It is wielding a dagger.
Items here: $ )) [[ an enchanted halberd; a robe; a spear; a robe; 9 gold pieces You closely miss the wight.
You block the wight's attack. The wight hits you but does no damage.
Your shield prevents you from hitting the ogre.
The ogre hits you with a giant club!
You are too injured to fight recklessly!
You are too injured to fight recklessly!
You are too injured to fight recklessly!
Unknown command.
You are too injured to fight recklessly!
You are too injured to fight recklessly!
Unknown command.
You puncture the ogre! You block the wight's attack.
You block the ogre's attack.
You impale the ogre!!
You kill the ogre!
Your Maces & Flails skill increases to level 7!
The wight barely misses you. The wight hits you with a halberd.
* * * LOW HITPOINT WARNING * * *
You hit the wight. The orc hits you but does no damage.
You block the wight's attack.
Unknown command.
You impale the wight!!
You destroy the wight!
You block the orc's attack.
You sock the orc!
You kill the orc!
You block theanonym's ghost's attack.
Unknown command.
Unknown command.
You bludgeon theanonym's ghost!!
Theanonym's ghost says, "I'll split you in two!"
Theanonym's ghost hits you but does no damage.
You block theanonym's ghost's attack.
Unknown command.
You hit theanonym's ghost.
Theanonym's ghost says, "First you will suffer, then you will die."
Theanonym's ghost hits you but does no damage.
Unknown command.
Your shield prevents you from hitting theanonym's ghost.
You block theanonym's ghost's attack.
You closely miss theanonym's ghost. Theanonym's ghost hits you!
* * * LOW HITPOINT WARNING * * *
You completely miss theanonym's ghost. Theanonym's ghost hits you!
You die...

..........#........#.....
..........#..............
..........#.............
........).###...##......
......#..W# #...# ......
..... #.z.###...##......
.... #.z.>.............
... #####..............
.. #.)@W..............
.......######.######...
....... #.# ... .......
#.# .. ....... #+#
..o.... ⌠ ⌠ .....#. +. .+
....... #⌠ ⌠# ## ##


You could see theanonym's ghost.

Vanquished Creatures
  An ice beast (D:5)
  An orc warrior (D:6)
  A sky beast (D:5)
  An ogre (D:6)
  A necrophage (D:5)
  2 centaurs (D:5)
  A bullfrog (D:6)
  A water moccasin skeleton (D:5)
  9 wights (D:6)
  A jelly (D:5)
  A hound (D:4)
  A bullfrog skeleton (D:5)
  An iguana (D:3)
  A worker ant (D:4)
  3 orc wizards
  8 gnolls
  8 adders
  An adder zombie (D:5)
  2 adder skeletons
  2 dart slugs
  4 leopard geckos
  12 orcs
  6 giant cockroaches
  4 goblins
  6 hobgoblins
  14 jackals
  13 kobolds
  4 quokkas
  8 bats
  5 frilled lizards
  A jackal skeleton (D:5)
  2 quokka skeletons
  5 rats
131 creatures vanquished.

Notes
Turn   | Place    | Note
-------+----------+-------------------------------------------
     0 | D:1      | Qupu the Gargoyle Fighter began the quest for the Orb.
     0 | D:1      | Reached XP level 1. HP: 14/14 MP: 1/1
   128 | D:1      | Reached XP level 2. HP: 19/19 MP: 2/2
   250 | D:1      | Reached XP level 3. HP: 22/23 MP: 3/3
  1110 | D:2      | Reached skill level 3 in Maces & Flails
  1110 | D:2      | Reached XP level 4. HP: 19/29 MP: 4/4
  1528 | D:2      | Reached XP level 5. HP: 19/33 MP: 5/5
  1975 | D:3      | Reached skill level 1 in Dodging
  2270 | D:3      | Reached skill level 4 in Maces & Flails
  2270 | D:3      | Reached XP level 6. HP: 27/38 MP: 3/6
  2947 | D:4      | Learned a level 2 spell: Blink
  2980 | D:5      | Entered Level 5 of the Dungeon
  2995 | D:5      | Noticed an ice beast
  2999 | D:5      | Killed an ice beast
  2999 | D:5      | Reached XP level 7. HP: 28/44 MP: 4/7
  3005 | D:5      | Reached skill level 5 in Maces & Flails
  3068 | D:5      | Found Ceutiuj's Assorted Antiques.
  3083 | D:5      | Identified First Steps in Sorcery
  3087 | D:5      | Learned a level 1 spell: Beastly Appendage
  3110 | D:5      | Reached skill level 5 in Fighting
  3110 | D:5      | Reached skill level 5 in Armour
  3135 | D:5      | Reached skill level 5 in Shields
  3192 | D:5      | Reached XP level 8. HP: 25/49 MP: 5/8
  3241 | D:5      | Found a glowing silver altar of Zin.
  3405 | D:5      | Found a bloodstained altar of Trog.
  3407 | D:5      | Found a shimmering altar of Xom.
  3454 | D:5      | Found a shattered altar of Ashenzari.
  3496 | D:6      | Reached skill level 6 in Maces & Flails
  3891 | D:6      | Noticed theanonym's ghost (novice DDFi)
  3935 | D:6      | Reached skill level 7 in Maces & Flails
  3943 | D:6      | Slain by theanonym's ghost

Vault maps used:
D:1:      minmay_arrival_nine_rooms, minmay_misc_feat_diagonals,
          minmay_stone_trees_medium
D:2:      first_bread, minmay_pentomino_o2
D:5:      nicolae_overflow_hidden_temple, serial_shops, shop
D:6:      gammafunk_temple_overflow_statue, temple_doors_e, uniq_sigmund

Skill      XL: |  1  2  3  4  5  6  7  8 |
---------------+-------------------------+-----
Maces & Flails | 3 4 5 7 |  7.1
Fighting       | 4 5 6 |  6.2
Armour         | 4 5 6 |  6.1
Dodging        | 1 |  1.0
Shields        | 4 5 6 |  6.1

Action                   |  1- 3 |  4- 6 |  7- 9 || total
-------------------------+-------+-------+-------++-------
Melee: Flail             |    92 |   218 |   115 ||   425
       Morningstar       |       |       |    49 ||    49
  Use: Scroll            |     1 |     6 |     2 ||     9
       Potion            |       |       |     1 ||     1
  Eat: Chunk             |       |     7 |     3 ||    10
Armor: Scale mail        |    65 |   151 |   122 ||   338
Dodge: Dodged            |    36 |    73 |    81 ||   190
Block: Shield            |    62 |   150 |   190 ||   402

Table legend:
 A = Spawn XP
 B = Non-spawn XP
 C = Spawn XP percentage of total XP
 D = Spawn monster count
 E = Non-spawn monster count
 F = Spawn count percentage of total count
 G = Total turns spent on level
                    A         B        C        D         E        F      G
               +---------+---------+-------+---------+---------+-------+---------
         Total |       0 |    2240 |   0.0 |       0 |     131 |   0.0 |  3943
               +---------+---------+-------+---------+---------+-------+---------
           D:1 |       0 |      73 |   0.0 |       0 |      26 |   0.0 |  1071
           D:2 |       0 |     108 |   0.0 |       0 |      26 |   0.0 |   829
           D:3 |       0 |     174 |   0.0 |       0 |      21 |   0.0 |   683
           D:4 |       0 |     197 |   0.0 |       0 |      14 |   0.0 |   406
           D:5 |       0 |     803 |   0.0 |       0 |      20 |   0.0 |   711
           D:6 |       0 |     885 |   0.0 |       0 |      24 |   0.0 |   243
               +---------+---------+-------+---------+---------+-------+---------
